 Dungeon Crawl Stone Soup version 0.30-a0-726-gd89dcf765f (webtiles) character file.

Game seed: 13240002492687511123

237 jimonade the Sneak (level 6, 0/30 HPs)
             Began as a Vine Stalker Brigand on Jan 30, 2023.
             Slain by an orc
             ... wielding a +0 club
              (3 damage)
             ... on level 4 of the Dungeon.
             The game lasted 00:04:33 (2255 turns).

jimonade the Sneak (Vine Stalker Brigand)           Turns: 2255, Time: 00:04:33

Health: 0/30       AC:  6    Str: 14    XL:     6   Next: 6%
Magic:  0/7        EV: 11    Int: 11    God:
Gold:   242        SH:  0    Dex: 17    Spells: 5/5 levels left

rFire   + . .      SeeInvis .    a - +2 dagger
rCold   . . .      Faith    +    (no shield)
rNeg    + . .      Spirit   +    m - +0 leather armour of Courage {-Cast rF+ rN+ Regen+ rCorr}
rPois   .          Reflect  .    (no helmet)
rElec   .          Harm     .    c - +1 cloak
rCorr   +          Rampage  .    s - +0 pair of gloves
Will    .....      NoCast   +    (no boots)
Stlth   +++                      n - amulet of faith
HPRegen 1.85/turn                q - ring of resist corrosion
MPRegen 0.10/turn                (no ring)

@: attractive
A: fangs 2, regeneration 1, magic shield, antimagic bite, no potion heal 2
a: no special abilities


You were on level 4 of the Dungeon.
You visited 1 branch of the dungeon, and saw 4 of its levels.

You collected 242 gold pieces.

Inventory:

Hand Weapons
 a - a +2 dagger (weapon)
 b - a +0 sling
Missiles
 d - 18 poisoned darts (quivered)
 e - 3 curare-tipped darts
 g - 43 stones
Armour
 c - a +1 cloak (worn)
 f - a +0 ring mail
 i - a +0 leather armour
 j - a +0 robe
 k - the +3 leather armour of Xebodarch {rCorr Str+4 Int-4}
   (You found it on level 4 of the Dungeon)

   Str:       It affects your strength (+4).
   Int:       It affects your intelligence (-4).
   rCorr:     It protects you from acid and corrosion.
 m - the +0 leather armour of Courage (worn) {-Cast rF+ rN+ Regen+ rCorr}
   (You found it on level 2 of the Dungeon)

   rF:        It protects you from fire.
   rN:        It protects you from negative energy.
   -Cast:     It prevents spellcasting.
   Regen:     It increases your rate of health regeneration.
   rCorr:     It protects you from acid and corrosion.
 r - a +0 ring mail
 s - a +0 pair of gloves (worn)
Jewellery
 n - an amulet of faith (around neck)
 q - a ring of resist corrosion (left hand)
Scrolls
 h - 2 scrolls of teleportation
 o - a scroll of identify
Potions
 l - a potion of berserk rage


   Skills:
 + Level 2.2 Fighting
 * Level 3.9 Short Blades
 + Level 1.8 Throwing
 + Level 0.6 Armour
 + Level 1.2 Dodging
 + Level 6.7 Stealth


You had 5 spell levels left.
You didn't know any spells.
Your spell library contained the following spells:

 Spells                   Type           Power      Damage    Failure   Level
 Summon Small Mammal      Summ           0%         N/A       41%         1
 Blink                    Tloc           0%         N/A       56%         2
 Lesser Beckoning         Tloc           0%         N/A       56%         2
 Momentum Strike          Conj/Tloc      0%         3d8       56%         2
 Call Canine Familiar     Summ           0%         N/A       80%         3
 Summon Guardian Golem    Hex/Summ       0%         N/A       80%         3


Dungeon Overview and Level Annotations

Branches:
Dungeon (4/15)
 Temple: D:4-7

Altars:

Annotations:
D:4 Sigmund


Innate Abilities, Weirdness & Mutations

You have extremely sharp teeth.
Your natural rate of healing is unusually fast.
When hurt, damage is shared between your health and your magic reserves.
Your bite disrupts and absorbs the magic of your enemies.
Potions cannot restore your health.


Message History

The orc wizard casts a spell at you.
You are confused.
The orc wizard gestures at you while chanting.
The magic dart hits you.
* * * LOW HITPOINT WARNING * * *
You closely miss the orc wizard.
You bite the orc wizard, but do no damage.
The orc wizard is severely wounded.
You feel sick.
You hit the orc wizard. Your bite misses the orc wizard.
The orc wizard is almost dead.
You feel sick.
The orc wizard mumbles some strange words.
The orc wizard flickers and vanishes!
Deactivating autopickup; reactivate with Ctrl-A.
The orc wizard hits you with a +1 dagger of venom.
* * * LOW HITPOINT WARNING * * *
You are more poisoned.
The orc hits you but does no damage.
* * * LOW HITPOINT WARNING * * *
You feel very sick.
It was a potion of attraction.
You feel attractive to monsters.
You feel very sick. Something hits you.
* * * LOW HITPOINT WARNING * * *
It was a potion of curing.
Your system rejects the healing.
You feel better.
You hear some strange, mumbled words.
A puff of flame appears from out of thin air!
The puff of flame hits you. You resist.
* * * LOW HITPOINT WARNING * * *
The orc hits you but does no damage.
You hit the orc wizard.
You kill the orc wizard!
The orc hits you with a +0 club.
* * * LOW HITPOINT WARNING * * *
Something hits you but does no damage.
You have reached level 6!
You hit something but do no damage. The orc hits you with a +0 club.
You die...

....# ....... .......
......# ## ####.......
#.##.......... #
###............. ##.
#...$..{o)......
..###......@#..... ##
......#..### ... ##..
#.##.....###.. . #...#
#..#...........
.#..####...##.........
.#....#..#......###......
.##......##.....# ......
.##....######.#.# ......
.#......# ###.###.....


You could see an orc.

Vanquished Creatures
  An ice beast (D:3)
  An orc wizard (D:4)
  7 adders
  3 worms
  A dart slug (D:1)
  2 orcs
  4 ball pythons
  4 endoplasms
  A giant cockroach (D:2)
  3 goblins
  5 hobgoblins
  A bat (D:1)
  3 frilled lizards
  9 kobolds
  7 rats
52 creatures vanquished.

Notes
Turn   | Place    | Note
-------+----------+-------------------------------------------
     0 | D:1      | jimonade the Vine Stalker Brigand began the quest for the
                  | Orb.
     0 | D:1      | Reached XP level 1. HP: 11/11 MP: 2/2
    53 | D:1      | Reached skill level 5 in Stealth
   241 | D:1      | Reached XP level 2. HP: 12/15 MP: 3/3
   646 | D:2      | Reached XP level 3. HP: 15/18 MP: 4/4
   693 | D:2      | Identified the +0 leather armour of Courage {-Cast rF+ rN+
                  | Regen+ rCorr}
   985 | D:2      | Gained mutation: Your natural rate of healing is unusually
                  | fast. [Vine Stalker growth]
   985 | D:2      | Reached XP level 4. HP: 23/23 MP: 5/5
  1024 | D:2      | Reached skill level 1 in Dodging
  1102 | D:2      | Reached skill level 6 in Stealth
  1780 | D:3      | Noticed an ice beast
  1813 | D:3      | Killed an ice beast
  1814 | D:3      | Reached XP level 5. HP: 9/26 MP: 1/6
  2134 | D:4      | Noticed Sigmund
  2156 | D:4      | Identified the +3 leather armour of Xebodarch {rCorr Str+4
                  | Int-4}
  2254 | D:4      | HP: 1/26 [orc/+0 club (2)]
  2255 | D:4      | Reached XP level 6. HP: 2/30 MP: 0/7
  2255 | D:4      | Slain by an orc

Illustrated notes

Levels and vault maps discovered:
D:1:      minmay_arrival_radiant_lines, layout_rooms
D:2:      layout_loops_corners
D:3:      layout_loops_ring, skrybe_limestone_x
D:4:      layout_cave_pools, nicolae_dithmenos_through_a_glass_darkly,
          uniq_sigmund

Skill      XL: |  1  2  3  4 |
---------------+-------------+-----
Stealth        | 5 6 |  6.7
Short Blades   | 2 3 |  3.9
Dodging        | 1 |  1.2
Fighting       | 2 |  2.2
Throwing       | |  1.8
Armour         | |  0.6

Action                     |  1- 3 |  4- 6 || total
---------------------------+-------+-------++-------
  Melee: Dagger            |    53 |   116 ||   169
         Bite              |    13 |    41 ||    54
         Punch             |       |     1 ||     1
    Use: Scroll            |     2 |     4 ||     6
         Potion            |       |     2 ||     2
   Stab: Sleeping          |     9 |     7 ||    16
         Distracted        |       |     1 ||     1
 Armour: Robe              |    11 |     2 ||    13
         Leather armour    |       |    25 ||    25
  Dodge: Dodged            |    27 |    45 ||    72

Table legend: (Time is in decaauts)
 A = Elapsed time spent in this place.
 B = Non-inter-level travel time spent in this place.
 C = Inter-level travel time spent in this place.
 D = Time resting spent in this place.
 E = Time spent auto-exploring this place.
 F = Levels seen in this place.
 G = Mean time per level.
                   A        B        C        D        E       F      G
               +--------+--------+--------+--------+--------+-----+--------+
         Total |   2229 |   2089 |    140 |      0 |   1614 |   4 |  557.2 |
       Dungeon |   2229 |   2089 |    140 |      0 |   1614 |   4 |  557.2 |
               +--------+--------+--------+--------+--------+-----+--------+

Top non-repeatable levels by time:
     D:2: 978 daAuts
     D:3: 649 daAuts
     D:1: 490 daAuts
     D:4: 112 daAuts
